 Dungeon Crawl Stone Soup version 0.18.1-5-g4a78601 (webtiles) character file.

577579 Medar the Demonologist (level 24, -2/171 HPs)
             Began as a Demigod Summoner on May 12, 2016.
             Slain by Hexukir the pandemonium lord (32 damage)
             ... on level 15 of the Dungeon on May 13, 2016.
             The game lasted 06:26:17 (121464 turns).

Medar the Demonologist (Demigod Summoner)         Turns: 121464, Time: 06:26:18

Health: -2/171     AC: 25    Str: 15    XL:     24   Next: 60%
Magic:  6/52       EV: 21    Int: 36    God:
Gold:   332        SH:  8    Dex: 21    Spells: 10 memorised, 10 levels left

rFire  + . .     SeeInvis +     b - staff of wizardry {!a}
rCold  . . .     Gourm    .     K - +4 mottled dragon armour
rNeg   . . .     Faith    .     i - +2 buckler {AC+3}
rPois  +         Spirit   .     S - +2 hat of the High Council {Archmagi, Wiz- Stlth-}
rElec  .         Dismiss  .     l - +2 cloak {rPois}
rCorr  .         Reflect  .     u - +2 pair of gloves {Dex+3}
SustAt +         Harm     .     T - +0 pair of boots
MR     ++++.                    j - amulet of regeneration
Stlth  +.........               H - ring of the Mage {Wiz MR++ Int+3}
                                r - ring of fire

@: dragon's call, deflect missiles, drained, incredibly resistant to hostile
enchantments, very unstealthy
A: horns 1, see invisible, agile 1, cold resistance 1, frail 1, high mp 1,
strong 1, no device heal 2, sustain attributes, MP-powered wands
a: no special abilities
0: Orb of Zot
}: 3/15 runes: barnacled, slimy, gossamer


You were on level 15 of the Dungeon.
You were not hungry.

You visited 10 branches of the dungeon, and saw 57 of its levels.
You visited 1 ziggurat, and saw 6 of its levels.
You also visited: Labyrinth, Trove and Ossuary.

You collected 6941 gold pieces.
You spent 6609 gold pieces at shops.

Inventory:

Hand Weapons
 a - a +9 demon trident of electrocution
 d - a +9 demon trident of freezing
 W - the +8 short sword of Boshrucia {pierce, rPois rF+ rN+}
   (You found it on level 9 of the Dungeon)

   It inflicts extra damage upon your enemies.
   It protects you from fire.
   It protects you from poison.
   It protects you from negative energy.
Armour
 i - a +2 buckler of protection (worn)
 l - a +2 cloak of poison resistance (worn)
 u - a +2 pair of gloves of dexterity (worn)
 K - a +4 mottled dragon armour (worn)
 S - the +2 hat of the High Council (worn) {Archmagi, Wiz- Stlth-}
   (You found it on level 5 of the Depths)

   It makes you less stealthy.
 T - a +0 pair of boots (worn)
Magical Staves
 b - an uncursed staff of wizardry (weapon) {!a}
 c - an uncursed staff of summoning {!a}
 M - an uncursed staff of energy {!a}
Jewellery
 j - an amulet of regeneration (around neck)
 r - a ring of fire (left hand)
 v - an uncursed ring of resist corrosion
 H - the ring of the Mage (right hand) {Wiz MR++ Int+3}
   (You found it on level 2 of the Shoals)

   [ring of wizardry]

   It improves your spell success rate.
   It affects your intelligence (+3).
   It affects your resistance to hostile enchantments.
 J - the ring "Osinleg" {rElec AC+1 Str+2 SInv}
   (You took it off a tengu conjurer on level 2 of the Depths)

   [ring of protection]

   It affects your AC (+1).
   It affects your strength (+2).
   It insulates you from electricity.
   It lets you see invisible.
 L - an uncursed amulet of magic regeneration
 P - a +5 ring of intelligence
Wands
 g - a wand of teleportation (7/9)
 n - a wand of teleportation (1/9)
 y - a wand of digging (0/24)
 U - a wand of iceblast (8/15)
 Z - a wand of disintegration (4/24)
Scrolls
 e - 37 scrolls of remove curse {@r1}
 p - 6 scrolls of fog
 q - 2 scrolls of holy word
 s - 6 scrolls of identify {@r2}
 C - 5 scrolls of fear
 I - 3 scrolls of silence {!r}
 V - 9 scrolls of recharging
Potions
 k - a potion of cure mutation {!q}
 t - a potion of invisibility
 w - a potion of haste
 z - 2 potions of heal wounds
 A - 19 potions of flight
 B - 4 potions of brilliance
 D - 10 potions of cancellation
 E - 11 potions of curing {@q1}
 F - 3 potions of might
 G - 13 potions of agility
 O - 4 potions of berserk rage {!q}
 Q - a potion of resistance
 X - 7 potions of magic
 Y - 7 potions of ambrosia
Comestibles
 x - 23 fruits {@e3}
 N - 18 meat rations {@e2}


   Skills:
 - Level 10.6(10.4) Fighting
 + Level 18.5(18.2) Polearms
 - Level 9.4(9.1) Armour
 - Level 10.9(10.7) Dodging
 - Level 1.7(1.5) Stealth
 - Level 6.0(5.8) Shields
 + Level 19.0(18.7) Spellcasting
 - Level 6.3(6.1) Charms
 + Level 24.9(24.6) Summonings
 - Level 3.0(2.8) Necromancy
 - Level 7.2(7.0) Translocations
   Level 3.1(2.9) Ice Magic
 - Level 6.8(6.6) Air Magic


You had 10 spell levels left.
You knew the following spells:

 Your Spells              Type           Power        Failure   Level  Hunger
d - Shadow Creatures      Summ           N/A          1%          6    None
f - Summon Mana Viper     Hex/Summ       ########     1%          5    None
h - Summon Hydra          Summ           ########..   1%          7    ##.....
l - Recall                Summ/Tloc      N/A          1%          3    None
q - Regeneration          Chrm/Necr      #######...   1%          3    None
r - Deflect Missiles      Chrm/Air       #######...   7%          6    None
s - Dragon's Call         Summ           ########..   5%          9    ######.
t - Cigotuvi's Embrace    Necr           ######....   6%          5    None
v - Summon Forest         Summ/Tloc      ########..   1%          5    None
w - Blink                 Tloc           N/A          1%          2    None


Dungeon Overview and Level Annotations

Branches:
Dungeon (15/15)            Temple (0/1) D:5            Lair (8/8) D:8
 Shoals (4/4) Lair:5       Spider (4/4) Lair:4        Slime (6/6) Lair:6
    Orc (2/2) D:10            Elf (3/3) Orc:2        Vaults (5/5) D:14
  Crypt (0/3) Vaults:2     Depths (5/5) D:15            Zot (5/5) Depths:5

Shops:
D:5 *   Orc:2 %}?([   Elf:1 :   Shoals:4 !}:!   Vaults:1 (   Vaults:4 %
Depths:1 *   Depths:2 [

Portals:
Hell: Depths:1 Depths:2 Depths:3 Depths:4 Depths:5
Abyss: Depths:1 Depths:4 Depths:5
Pandemonium: Orc:2 Depths:3


Innate Abilities, Weirdness & Mutations

You have an increased reservoir of magic (+10% MP).
Your attributes are resistant to harm.
You have a pair of small horns on your head.
You have supernaturally acute eyesight.
You are agile. (Dex +2)
Your flesh is cold resistant.
You are frail (-10% HP).
Your muscles are strong. (Str +2)
Potions and wands are poor at restoring your health.
You expend magic power (3 MP) to strengthen your wands.


Message History

Your entropy weaver gestures wildly while chanting.
The entropic weave corrodes Hexukir!
You climb upwards.
Welcome back to the Dungeon!
There is a staircase to the Depths here.
Drink which item? (? for menu, Esc to quit)
Okay, then.
Press: ? - help, v - describe, . - travel
Here: Hexukir (heavily wounded, covered in acid)
The floor.
Unknown command.
Unknown command.
Casting: Summon Hydra
Confirm with . or Enter, or press ? or * to list all spells.
You feel a surge of power!
You blink.
You block Hexukir's attack. Hexukir hits you but does no damage.
Casting: Blink
Confirm with . or Enter, or press ? or * to list all spells.
You feel a surge of power!
You blink.
A dragon arrives to answer your call! Hexukir hits you!!
You die...

#.#..........................#
#.#...#.....##.#######.......#
#.####.####.....# #........#
#.....#..⌠#..##.# #..#######
##..#.....#.#########..#
###.#.#...#.....#......#
##...#..#.#.#.#..#..###.####
###..#.#.....#..@#.##........#
....##.#####.#D&...##..[.....#
..####.## #.#§.§#...........#
≈≈≈.....# #.####.###........#
##≈###..####.....#...........#
≈≈≈##(.((.##.###.............#
#≈≈#(..().)..# #.#...........#
#≈≈.(..((...####..####..#######


You could see Hexukir and a friendly quicksilver dragon.

Vanquished Creatures
  A pandemonium lord (Zig:1)
  An orb of fire (Zot:5)
  An ancient lich (Zot:5)
  A golden dragon (Zot:4)
  An electric golem (Zot:5)
  11 tentacled monstrosities
  7 Orb Guardians
  A deep elf blademaster (Elf:3)
  A titan (Depths:3)
  6 acid blobs
  A sphinx (Vaults:3)
  Frances (D:13)
  Agnes (Elf:2)
  5 storm dragons
  6 death cobs
  A draconian monk (Depths:5)
  Ilsuiw (Shoals:4)
  A shadow dragon (Depths:5)
  An azure jelly (Slime:6)
  5 fire giants
  A deep elf sorcerer (Elf:3)
  3 frost giants
  A draconian knight (Zot:2)
  6 ghost moths
  6 vault wardens
  2 emperor scorpions
  2 very ugly things (Depths:3)
  4 ironheart preservers
  2 spriggan defenders (Depths:4)
  14 stone giants
  2 green draconians
  3 draconian annihilators
  2 draconian callers
  3 deep elf annihilators
  The ghost of Kilrog the Protected, a journeyman HuFi of the Shining One (Orc:2)
  3 deep elf demonologists
  A vampire knight (Depths:2)
  2 salamander stormcallers
  A black draconian (Zot:4)
  3 purple draconians
  3 white draconians
  4 yellow draconians
  2 mottled draconians
  2 red draconians
  A spark wasp (Depths:3)
  11 fire dragons
  2 merfolk impalers
  4 ettins
  A deep elf high priest (D:14)
  9 great orbs of eyes
  11 yaktaur captains
  6 vault guards
  2 deep elf death magi
  A death ooze (Slime:6)
  3 rakshasas
  12 ogre magi
  4 entropy weavers
  2 hydras
  A hell beast (Depths:1)
  Erolcha (D:13)
  2 spriggan air magi (Depths:5)
  3 centaur warriors
  13 ice dragons
  An alligator snapping turtle (Shoals:4)
  A merfolk aquamancer (Shoals:4)
  12 deep troll shamans
  A death knight (Vaults:2)
  2 vampire magi
  5 tengu warriors
  14 dancing weapons
  4 deep troll earth magi
  4 spriggan berserkers
  2 orc high priests
  A soul eater (Depths:3)
  A sun demon (Depths:3)
  2 shadow wraiths (Vaults:1)
  A fire crab (shapeshifter) (Depths:1)
  A fire crab (Vaults:1)
  12 deep elf knights
  3 skeletal warriors
  5 hell knights
  2 iron trolls
  7 sea snakes
  5 giant orange brains
  3 unseen horrors
  8 deep trolls
  4 flayed ghosts
  An unseen horror (shapeshifter) (Vaults:4)
  5 deep elf archers
  2 ironbrand convokers (Vaults:1)
  15 harpies
  6 hill giants
  6 wizards
  14 orb spiders
  2 phantasmal warriors
  The ghost of epen the Pure, a novice DsAK of Lugonu (D:6)
  5 necromancers
  2 hornets
  12 orc knights
  30 ugly things
  5 manticores
  7 cyclopes
  37 deep elf magi
  2 orc sorcerers
  21 moths of wrath
  11 griffons
  3 fauns
  20 wolf spiders
  3 elephants
  2 water nymphs
  7 black mambas
  2 centaur zombies
  A rust devil (Depths:1)
  8 vault sentinels
  2 spiny frogs (Lair:8)
  3 torpor snails
  A hellion (Zig:5)
  A kobold demonologist (Vaults:3)
  4 centaur skeletons
  2 smoke demons
  A rime drake (Lair:8)
  7 komodo dragons
  An efreet (D:14)
  4 freezing wraiths
  41 yaktaurs
  8 demonic crawlers
  2 ice devils
  2 red devils
  A hellwing (Depths:5)
  A jumping spider (shapeshifter) (Vaults:3)
  5 trolls
  3 tengu conjurers (Depths:2)
  10 merfolk
  A queen bee (shapeshifter) (Vaults:1)
  23 jumping spiders
  A queen bee (Lair:4)
  7 polar bears (Lair:8)
  A two-headed ogre (shapeshifter) (Depths:1)
  5 boulder beetles
  16 two-headed ogres
  A harpy zombie (D:13)
  A tengu simulacrum (Vaults:3)
  3 wind drakes
  A wind drake (shapeshifter) (Depths:5)
  3 raiju (Lair:8)
  A blink frog (Lair:8)
  31 slime creatures
  A frost giant simulacrum (Depths:1)
  3 snapping turtles
  An air elemental (Elf:3)
  A vampire (D:15)
  52 redbacks
  5 spriggans
  A shadow (D:12)
  25 tarantellas
  4 wyverns
  10 water elementals
  23 yaks
  4 fire elementals
  5 hippogriffs
  A basilisk (shapeshifter) (Vaults:2)
  A basilisk (D:13)
  12 humans (D:14)
  2 wraiths (D:15)
  A hippogriff (shapeshifter) (D:14)
  12 vampire mosquitoes
  2 hungry ghosts
  A steam dragon (D:10)
  2 chaos spawn
  A neqoxec (Depths:5)
  21 wargs
  5 mottled dragons
  7 water moccasins
  4 hell hounds
  2 porcupines
  A porcupine (shapeshifter) (Vaults:4)
  2 giant eyeballs
  24 orc warriors
  4 ice beasts
  3 sky beasts
  12 black bears
  9 wasps
  3 eyes of draining
  32 ogres
  2 phantoms
  13 wolves
  20 boggarts
  5 crocodiles
  16 centaurs
  8 big kobolds
  2 earth elementals
  13 giant frogs
  A boulder beetle zombie (Vaults:3)
  3 scorpions
  An orc simulacrum (Vaults:2)
  6 killer bees (Lair:4)
  7 wights
  An electric eel (Spider:2)
  4 howler monkeys
  9 crimson imps
  3 giant frog zombies
  A jelly (shapeshifter) (Vaults:2)
  22 jellies
  A hound (shapeshifter) (Vaults:3)
  A quasit (D:12)
  22 orc priests
  17 hounds
  An iron imp (Depths:2)
  14 orc wizards
  Jessica (D:2)
  4 iguanas
  9 worker ants
  14 sheep
  A killer bee zombie (D:10)
  A howler monkey zombie (D:6)
  4 mummies (Ossuary)
  A howler monkey skeleton (D:8)
  11 adders
  A gnoll (D:8)
  38 river rats
  2 shadow imps
  4 oozes
  An adder skeleton (D:5)
  A dart slug (D:3)
  A giant gecko (D:1)
  83 orcs
  5 bats
  2 giant cockroaches
  A gnoll zombie (Ossuary)
  7 goblins
  A hobgoblin (D:1)
  7 jackals
  A giant newt (D:6)
  A hobgoblin zombie (Ossuary)
  30 kobolds
  A kobold zombie (Ossuary)
  2 quokka zombies
  3 rats (D:2)
  A bush (Lair:4)
  3 crawling corpses
  A plant (Lair:8)
1476 creatures vanquished.

Vanquished Creatures (collateral kills)
  the Royal Jelly (Slime:6)
  7 orbs of fire
  5 ancient liches
  Sojobo (Vaults:4)
  A pandemonium lord (Depths:5)
  3 Killer Klowns
  2 caustic shrikes
  8 golden dragons
  An iron giant (Depths:2)
  5 liches
  An electric golem (Zot:2)
  10 tentacled monstrosities
  Rupert (D:15)
  2 titans (Depths:2)
  4 deep elf blademasters (Elf:3)
  17 Orb Guardians
  4 deep elf master archers (Elf:3)
  13 acid blobs
  4 quicksilver dragons
  5 death cobs
  4 sphinxes
  2 shadow dragons
  7 storm dragons
  12 fire giants
  A shadow dragon (shapeshifter) (Depths:4)
  5 draconian monks
  7 tengu reavers
  11 azure jellies
  8 vault wardens
  Maud (Lair:8)
  A greater naga (Zig:6)
  A ghost moth (Zot:3)
  10 frost giants
  4 iron dragons
  7 emperor scorpions
  3 deep elf sorcerers (Elf:3)
  2 orc warlords (Orc:2)
  2 draconian knights (Zot:4)
  6 deep elf elementalists
  A draconian scorcher (Zot:3)
  2 draconian zealots
  4 draconian annihilators
  A reaper (Zig:5)
  8 ironheart preservers
  5 spriggan defenders
  2 draconian callers
  12 very ugly things
  4 green draconians
  26 stone giants
  A salamander stormcaller (Vaults:4)
  5 vampire knights
  A deep elf demonologist (Elf:3)
  4 black draconians
  4 red draconians
  6 deep elf annihilators
  2 white draconians (Zot:3)
  6 purple draconians
  3 yellow draconians
  9 mottled draconians
  6 spark wasps
  8 ettins
  A crystal guardian (Vaults:3)
  13 fire dragons
  3 merfolk javelineers (Shoals:4)
  4 deep elf death magi (Elf:3)
  19 vault guards
  13 merfolk impalers
  10 death oozes
  A minotaur (Lab)
  11 yaktaur captains
  6 entropy weavers
  A deep elf high priest (Elf:3)
  A rakshasa (Zot:3)
  7 great orbs of eyes
  11 ice dragons
  4 merfolk aquamancers
  A naga warrior (Zig:6)
  Fannar (Lair:3)
  5 hydras
  Erica (Lair:1)
  3 ogre magi
  2 spriggan air magi
  6 centaur warriors
  2 tengu warriors (Depths:5)
  10 merfolk avatars
  A satyr (Shoals:4)
  9 deep troll shamans
  2 death knights
  A vampire mage (Depths:5)
  7 orc high priests
  13 dancing weapons
  4 death yaks (Lair:8)
  2 spriggan berserkers
  12 deep troll earth magi
  2 shock serpents (Zig:6)
  2 naga sharpshooters (Zig:6)
  An iron troll (shapeshifter) (Depths:4)
  A soul eater (Zot:3)
  Sonja (D:15)
  A sun demon (Depths:1)
  11 deep elf knights
  2 shadow wraiths
  9 hell knights
  An iron troll (Depths:2)
  7 skeletal warriors
  2 wizards
  2 flayed ghosts
  An unseen horror (Vaults:1)
  A sea snake (shapeshifter) (Depths:5)
  A gelid demonspawn (Orc:2)
  25 deep trolls
  3 giant orange brains
  5 sea snakes
  9 deep elf archers
  2 hill giants
  A deep troll (shapeshifter) (Depths:5)
  15 ironbrand convokers
  34 deep elf magi
  2 phantasmal warriors
  7 orc knights
  12 harpies
  An orange crystal statue (Depths:2)
  17 wolf spiders
  11 orb spiders
  A mana viper (Zig:6)
  25 ugly things
  4 hornets
  10 manticores
  9 shining eyes
  A salamander (Zig:6)
  8 orc sorcerers
  A human skeleton (Vaults:3)
  5 moths of wrath
  3 sixfirhies
  4 fauns
  4 cyclopes
  4 griffons
  8 sirens
  9 elephants
  Joseph (Lair:1)
  A naga mage (Zig:6)
  An eye of devastation (Slime:2)
  A guardian serpent (Lair:8)
  A rust devil (Zig:5)
  5 water nymphs
  A water nymph (shapeshifter) (Vaults:3)
  7 vault sentinels
  2 smoke demons
  A centaur zombie (D:12)
  13 spiny frogs
  5 black mambas
  An orange demon (Zot:3)
  A hellion (Zig:5)
  A human zombie (Vaults:3)
  A rime drake (shapeshifter) (Vaults:4)
  53 yaktaurs
  8 freezing wraiths
  5 demonic crawlers
  3 rime drakes
  2 tormentors
  A hellwing (Orc:2)
  2 ice devils
  6 komodo dragons
  A merfolk (shapeshifter) (Depths:5)
  A queen bee (shapeshifter) (Depths:4)
  A troll (shapeshifter) (Elf:1)
  10 trolls
  20 merfolk
  9 two-headed ogres
  2 polar bears
  2 wind drakes
  The ghost of ololoev the Covered, an amateur FoWn of Pakellas (D:3)
  16 jumping spiders
  10 blink frogs
  49 slime creatures
  4 snapping turtles
  A boulder beetle (shapeshifter) (Depths:5)
  9 boulder beetles
  2 air elementals (Depths:5)
  31 redbacks
  20 tarantellas
  A redback (shapeshifter) (Depths:3)
  A spriggan (Depths:4)
  35 yaks
  A vampire (D:11)
  2 wyverns (Lair:8)
  6 humans (D:14)
  13 water elementals
  A human simulacrum (Vaults:2)
  3 golden eyes (Slime:3)
  7 hippogriffs
  A neqoxec (Orc:2)
  A naga (shapeshifter) (Depths:5)
  A mottled dragon (Vaults:2)
  8 vampire mosquitoes
  A soldier ant (shapeshifter) (Vaults:4)
  14 wargs
  Edmund (D:4)
  A spatial vortex (Depths:5)
  A giant eyeball (Depths:5)
  15 water moccasins
  5 hell hounds
  A small abomination (Zig:4)
  6 porcupines
  2 large abominations (Zig:4)
  42 orc warriors
  3 eyes of draining
  An ice beast (D:15)
  6 black bears (Lair:8)
  A phantom (D:7)
  2 boggarts (Depths:2)
  3 wasps
  33 ogres
  13 wolves
  4 centaurs
  16 crocodiles
  A big kobold (D:8)
  11 giant frogs
  A gnoll sergeant (D:8)
  An earth elemental (Elf:3)
  A scorpion (D:7)
  16 killer bees
  2 wights (D:12)
  4 crimson imps
  2 hounds
  13 orc priests
  18 jellies
  15 orc wizards
  3 centaur skeletons
  3 iguanas
  8 worker ants
  Terence (D:2)
  A killer bee zombie (D:9)
  14 sheep
  A big kobold zombie (Ossuary)
  A hound zombie (D:9)
  4 mummies (Ossuary)
  Robin (D:2)
  5 adders
  8 gnolls
  35 river rats
  2 shadow imps
  A worm (D:2)
  2 giant geckos
  72 orcs
  A gnoll zombie (Ossuary)
  6 hobgoblins
  6 jackals
  12 kobolds
  3 quokkas
  5 bats
  2 giant newts (D:2)
  5 goblins
  2 kobold zombies (Ossuary)
  An orc zombie (Ossuary)
  2 rats
  A spectral orc (D:4)
  2 bushes
  4 crawling corpses (Elf:3)
  10 fungi
  27 plants
1681 creatures vanquished.

Vanquished Creatures (others)
  A deep elf master archer (Elf:3)
  A tengu reaver (Depths:2)
  A purple draconian (Zot:4)
  A deep elf high priest (Depths:5)
  A yaktaur captain (Vaults:4)
  A rakshasa (Vaults:2)
  A yaktaur (Vaults:3)
  A jumping spider (Spider:4)
  An orc wizard (Orc:1)
  A crawling corpse (Vaults:2)
  39 fungi
  86 plants
  17 snaplasher vines
  1918 snaplasher vine segments
2070 creatures vanquished.

Grand Total: 5227 creatures vanquished

Notes
Turn   | Place    | Note
--------------------------------------------------------------
     0 | D:1      | Medar the Demigod Summoner began the quest for the Orb.
     0 | D:1      | Reached XP level 1. HP: 14/14 MP: 5/5
   232 | D:1      | Reached skill level 1 in Fighting
   677 | D:2      | Found an oddly glowing altar of Pakellas.
   920 | D:1      | Reached XP level 2. HP: 20/23 MP: 4/7
  1165 | D:1      | Learned a level 2 spell: Call Imp
  1425 | D:2      | Noticed Robin
  1452 | D:2      | HP: 1/24 [goblin/club[Robin] (10)]
  1841 | D:2      | Reached skill level 1 in Polearms
  1841 | D:2      | Reached XP level 3. HP: 25/29 MP: 6/8
  1858 | D:2      | Noticed Jessica
  1893 | D:2      | Noticed Terence
  1894 | D:2      | Killed Jessica
  1902 | D:2      | Killed Terence
  2207 | D:2      | Found a burning altar of Makhleb.
  2208 | D:2      | Found a shimmering altar of Xom.
  2411 | D:2      | Found an oddly glowing altar of Pakellas.
  2591 | D:2      | Found a burning altar of Makhleb.
  2592 | D:2      | Found a shimmering altar of Xom.
  2735 | D:2      | Reached XP level 4. HP: 30/36 MP: 5/9
  2743 | D:2      | Killed Robin
  2768 | D:2      | Learned a level 3 spell: Call Canine Familiar
  2824 | D:3      | Noticed an orc warrior
  2956 | D:3      | Noticed ololoev's ghost (amateur FoWn)
  3356 | D:3      | Found an opulent altar of Gozag.
  3366 | D:3      | Found an ancient bone altar of Kikubaaqudgha.
  3367 | D:3      | Found a sparkling altar of Nemelex Xobeh.
  3709 | D:3      | Killed an orc warrior
  3709 | D:3      | Reached skill level 4 in Summonings
  3709 | D:3      | Reached XP level 5. HP: 35/41 MP: 1/11
  4177 | D:4      | Found an iron altar of Okawaru.
  4250 | D:4      | Found a sand-covered staircase.
  4258 | Ossuary  | Entered an ossuary
  4350 | Ossuary  | Reached skill level 5 in Summonings
  4827 | D:4      | Noticed Edmund
  4855 | D:4      | Killed Edmund
  4855 | D:4      | Reached XP level 6. HP: 39/48 MP: 5/13
  4861 | D:4      | Learned a level 4 spell: Summon Lightning Spire
  4956 | D:4      | Found a stormy altar of Qazlal.
  4969 | D:4      | Found a blossoming altar of Fedhas.
  5263 | D:4      | Found a basalt altar of Yredelemnul.
  5341 | D:5      | Entered Level 5 of the Dungeon
  5368 | D:5      | Found a shattered altar of Ashenzari.
  5548 | D:5      | Reached skill level 1 in Armour
  5784 | D:5      | Found Cuzaug Ifa's Assorted Antiques.
  5790 | D:5      | Bought a scroll of teleportation for 54 gold pieces
  5790 | D:5      | Bought a scroll of teleportation for 54 gold pieces
  5790 | D:5      | Bought an emerald ring for 90 gold pieces
  5857 | D:5      | Found a staircase to the Ecumenical Temple.
  5911 | D:5      | Reached skill level 1 in Air Magic
  5955 | D:5      | Gained mutation: Your muscles are strong. (Str +2) [potion of beneficial mutation]
  5983 | D:5      | Found a snail-covered altar of Cheibriados.
  6151 | D:5      | Found a sparkling altar of Nemelex Xobeh.
  6164 | D:5      | You fall through a shaft!
  6176 | D:6      | Noticed epen's ghost (novice DsAK)
  6620 | D:5      | Reached XP level 7. HP: 54/55 MP: 4/14
  7014 | D:6      | Found a shattered altar of Ashenzari.
  7128 | D:6      | Found a bloodstained altar of Trog.
  7131 | D:6      | Reached skill level 6 in Summonings
  8137 | D:5      | Bought a gnarled jewelled staff for 216 gold pieces
  8137 | D:5      | Bought a scroll of identify for 36 gold pieces
  8137 | D:5      | Bought a scroll of identify for 36 gold pieces
  8228 | D:4      | Found a stormy altar of Qazlal.
  8234 | D:4      | Found a blossoming altar of Fedhas.
  8297 | D:4      | Found a basalt altar of Yredelemnul.
  8545 | D:4      | Found an iron altar of Okawaru.
  8707 | D:3      | Found an opulent altar of Gozag.
  8707 | D:3      | Found an ancient bone altar of Kikubaaqudgha.
  9142 | D:3      | Killed ololoev's ghost
  9262 | D:7      | Reached skill level 7 in Summonings
  9448 | D:7      | Reached XP level 8. HP: 37/61 MP: 16/16
  9770 | D:7      | Learned a level 4 spell: Summon Ice Beast
  9819 | D:7      | Reached skill level 1 in Ice Magic
  9959 | D:7      | Found a radiant altar of Vehumet.
 10073 | D:8      | Found a staircase to the Lair.
 10497 | D:8      | Reached skill level 8 in Summonings
 10845 | D:8      | Noticed a two-headed ogre
 10857 | D:8      | Killed a two-headed ogre
 11142 | D:8      | Learned a level 3 spell: Summon Guardian Golem
 11242 | D:9      | Reached skill level 5 in Spellcasting
 11349 | D:9      | Reached XP level 9. HP: 67/67 MP: 9/20
 11875 | D:9      | Got a slimy short sword
 11876 | D:9      | Identified the +8 short sword of Boshrucia {pierce, rPois rF+ rN+} (You found it on level 9 of the Dungeon)
 11983 | Lair:1   | Entered Level 1 of the Lair of Beasts
 12105 | Lair:1   | Noticed Erica
 12145 | Lair:1   | Noticed a spiny frog
 12165 | Lair:1   | Killed a spiny frog
 13043 | Lair:1   | Noticed a black mamba
 13049 | Lair:1   | Killed a black mamba
 13170 | Lair:1   | Noticed Joseph
 13184 | Lair:1   | Killed Joseph
 13314 | Lair:1   | Reached skill level 9 in Summonings
 13577 | Lair:1   | Reached XP level 10. HP: 76/77 MP: 23/23
 13683 | Lair:1   | Identified a +2 rod of clouds (12/12) (You found it on level 1 of the Lair of Beasts)
 13754 | Lair:1   | Noticed a black mamba
 13762 | Lair:1   | Killed a black mamba
 14740 | Lair:2   | Reached skill level 5 in Dodging
 15621 | Lair:2   | Reached skill level 5 in Fighting
 16496 | Lair:3   | Learned a level 5 spell: Summon Forest
 16511 | Lair:3   | Reached skill level 1 in Translocations
 16586 | Lair:3   | Noticed Fannar
 16672 | Lair:3   | Noticed a four-headed hydra
 16745 | Lair:3   | Killed a four-headed hydra
 17057 | Lair:3   | Noticed a seven-headed hydra
 17064 | Lair:3   | Killed a seven-headed hydra
 17196 | Lair:3   | Killed Fannar
 17429 | Lair:4   | Noticed a griffon
 17529 | Lair:4   | Killed a griffon
 17661 | Lair:4   | Reached XP level 11. HP: 89/89 MP: 10/25
 18033 | Lair:4   | Noticed a five-headed hydra
 18056 | Lair:4   | Killed a five-headed hydra
 18056 | Lair:4   | Reached skill level 10 in Summonings
 18568 | Lair:4   | Found a hole to the Spider Nest.
 19425 | Lair:5   | Found a labyrinth entrance.
 19552 | Lab      | Entered a labyrinth
 19632 | Lab      | Noticed a minotaur
 19666 | Lab      | Killed a minotaur
 19683 | Lab      | Identified Sif Muna's Catalogue of Enchanting Evil Magic
 19683 | Lab      | Got a distressingly furry robe
 19694 | Lab      | Identified the +1 robe of Ruzo {rPois rF- Dex+2} (You found it in a labyrinth)
 20119 | Lair:5   | Found a staircase to the Shoals.
 20746 | Lair:5   | Reached skill level 11 in Summonings
 21381 | Lair:6   | Got a bloodstained ring mail
 21392 | Lair:6   | Identified the +1 ring mail of Ladders and Snakes {rElec Dex+4} (You found it on level 6 of the Lair of Beasts)
 21996 | Lair:6   | Found a staircase to the Slime Pits.
 21996 | Lair:6   | Found a viscous altar of Jiyva.
 22582 | Lair:7   | Gained mutation: You are agile. (Dex +2) [potion of beneficial mutation]
 22654 | Lair:7   | Got a twisted battleaxe
 22655 | Lair:7   | Identified the cursed +2 battleaxe of the Traitor {elec, Fragile +Fly rPois rF+++} (You found it on level 7 of the Lair of Beasts)
 22850 | Lair:7   | Learned a level 7 spell: Summon Hydra
 23459 | Lair:8   | Entered Level 8 of the Lair of Beasts
 23562 | Lair:8   | Noticed Maud
 23584 | Lair:8   | Killed Maud
 23584 | Lair:8   | Reached skill level 5 in Polearms
 23584 | Lair:8   | Reached XP level 12. HP: 27/95 MP: 10/29
 24664 | D:10     | Entered Level 10 of the Dungeon
 25110 | D:10     | Found a staircase to the Orcish Mines.
 25792 | Orc:1    | Entered Level 1 of the Orcish Mines
 26457 | D:11     | Found a shadowy altar of Dithmenos.
 26632 | D:11     | Noticed a five-headed hydra
 26642 | D:11     | Killed a five-headed hydra
 26669 | D:11     | Noticed a centaur warrior
 26757 | D:11     | Killed a centaur warrior
 27943 | D:12     | Reached skill level 10 in Polearms
 28563 | Orc:2    | Entered Level 2 of the Orcish Mines
 28568 | Orc:2    | Noticed an orc warlord
 29820 | Orc:2    | Noticed a stone giant
 30174 | Orc:1    | Reached XP level 13. HP: 62/102 MP: 7/30
 30421 | Orc:2    | Killed an orc warlord
 30627 | Orc:2    | Paralysed by an orc sorcerer for 5 turns
 30891 | Orc:2    | Noticed Kilrog's ghost (journeyman HuFi)
 30908 | Orc:2    | Killed Kilrog's ghost
 30960 | Orc:2    | Killed a stone giant
 31136 | Orc:2    | Found a staircase to the Elven Halls.
 31577 | Orc:2    | Noticed an orc warlord
 31628 | Orc:2    | Killed an orc warlord
 31748 | Orc:2    | Found Qareadd's Armour Emporium.
 32007 | Orc:2    | Found Tamanul's Magic Scroll Shoppe.
 32009 | Orc:2    | Found Wualigesch's Food Emporium.
 33674 | Orc:2    | Found Hecid's Gadget Shop.
 33674 | Orc:2    | Found Aklonei's Antique Weapon Boutique.
 33674 | Orc:2    | Found a one-way gate leading to the halls of Pandemonium.
 36215 | Lair:8   | Reached XP level 14. HP: 106/111 MP: 31/31
 36527 | Lair:8   | Reached skill level 5 in Armour
 36957 | Lair:8   | Got a smoking falchion
 36960 | Lair:8   | Identified the +6 falchion "Juethruv" {elec, Stlth+} (You found it on level 8 of the Lair of Beasts)
 37649 | D:13     | Reached skill level 12 in Summonings
 38086 | D:13     | Noticed Frances
 38481 | D:13     | Noticed Erolcha
 38497 | D:13     | Killed Erolcha
 39725 | Orc:2    | Bought a scroll of enchant armour for 97 gold pieces
 39725 | Orc:2    | Bought a scroll of enchant armour for 97 gold pieces
 39727 | Orc:2    | Bought a scroll of identify for 26 gold pieces
 39727 | Orc:2    | Bought a scroll of identify for 26 gold pieces
 39729 | Orc:2    | Bought 3 scrolls of identify for 78 gold pieces
 39732 | Orc:2    | Bought a scroll of magic mapping for 45 gold pieces
 39732 | Orc:2    | Bought a scroll of teleportation for 39 gold pieces
 39732 | Orc:2    | Bought a scroll of teleportation for 39 gold pieces
 39732 | Orc:2    | Bought a scroll of holy word for 97 gold pieces
 39732 | Orc:2    | Bought a scroll of amnesia for 45 gold pieces
 39954 | D:5      | Bought a short iron wand for 72 gold pieces
 40062 | D:6      | Found a bloodstained altar of Trog.
 40119 | D:6      | Found a shattered altar of Ashenzari.
 40162 | D:6      | Killed epen's ghost
 40326 | Lair:1   | Killed Erica
 41350 | D:14     | Reached skill level 1 in Shields
 41577 | D:14     | Noticed a storm dragon
 42024 | D:14     | Killed a storm dragon
 42447 | D:14     | Reached skill level 5 in Shields
 42859 | D:14     | Identified Sif Muna's Guide on Virous Dark Rituals
 43011 | D:14     | Reached skill level 13 in Summonings
 43218 | D:14     | Found a gate to the Vaults.
 43251 | D:15     | Entered Level 15 of the Dungeon
 43375 | D:15     | Reached XP level 15. HP: 98/116 MP: 32/32
 43950 | D:15     | Paralysed by an ogre mage for 5 turns
 43980 | D:15     | Noticed Sonja
 44000 | D:15     | Killed Sonja
 44034 | D:15     | Found a portal to a secret trove of treasure.
 44040 | D:15     | Noticed Rupert
 44435 | D:15     | Reached skill level 14 in Summonings
 44552 | D:15     | Found a staircase to the Depths.
 44668 | D:15     | Killed Rupert
 45121 | Spider:1 | Entered Level 1 of the Spider Nest
 45934 | Spider:1 | Identified a scroll of acquirement
 46824 | Spider:2 | Reached skill level 15 in Summonings
 50113 | Spider:3 | Reached skill level 16 in Summonings
 51920 | Spider:4 | Entered Level 4 of the Spider Nest
 52857 | Spider:4 | Reached XP level 16. HP: 90/124 MP: 15/33
 53106 | Spider:4 | Reached skill level 17 in Summonings
 55156 | Spider:4 | HP: 1/126 [redback (16)]
 56235 | Spider:4 | Got a gossamer rune of Zot
 56708 | Shoals:1 | Entered Level 1 of the Shoals
 59886 | Shoals:4 | Entered Level 4 of the Shoals
 60376 | Shoals:4 | Found Sarghen's Gadget Shop.
 60509 | Shoals:4 | Reached skill level 10 in Spellcasting
 60867 | Shoals:4 | Reached XP level 17. HP: 123/136 MP: 18/36
 60970 | Shoals:4 | Got an ancient ring mail
 60971 | Shoals:4 | Identified the +1 ring mail of Liberty {rF+ rN+} (You found it on level 4 of the Shoals)
 61013 | Shoals:4 | Found Cocianud's Book Shoppe.
 61017 | Shoals:4 | Noticed Ilsuiw
 61354 | Shoals:4 | Found Bomuluob's Distillery.
 61420 | Shoals:4 | Reached skill level 5 in Translocations
 61904 | Shoals:4 | Got a barnacled rune of Zot
 61989 | Shoals:4 | Bought a potion of brilliance for 60 gold pieces
 61989 | Shoals:4 | Bought a potion of might for 60 gold pieces
 61989 | Shoals:4 | Bought a potion of haste for 150 gold pieces
 61989 | Shoals:4 | Bought a potion of agility for 60 gold pieces
 61989 | Shoals:4 | Bought a potion of ambrosia for 120 gold pieces
 61989 | Shoals:4 | Bought a potion of berserk rage for 75 gold pieces
 62567 | Shoals:4 | Found Yntoonux's Distillery.
 62620 | Shoals:4 | Killed Ilsuiw
 62715 | Shoals:4 | Got a transparent war axe {drain}
 62717 | Shoals:4 | Identified the +10 war axe "Udebit" {drain, rC++ MP-9} (You took it off a merfolk javelineer on level 4 of the Shoals)
 62831 | Shoals:4 | Bought the Grimoire of Displacement for 1520 gold pieces
 62834 | Shoals:4 | Learned a level 2 spell: Blink
 62843 | Shoals:4 | Learned a level 5 spell: Warp Weapon
 63187 | D:13     | Killed Frances
 63187 | D:13     | Reached skill level 1 in Charms
 63234 | Vaults:1 | Entered Level 1 of the Vaults
 63647 | Vaults:1 | Reached skill level 18 in Summonings
 65068 | Vaults:1 | Found Upuari Wuasa's Antique Weapon Shoppe.
 68060 | Vaults:2 | Found a staircase to the Crypt.
 70119 | Vaults:3 | Reached XP level 18. HP: 143/143 MP: 25/39
 70610 | D:8      | Learned a level 9 spell: Dragon's Call
 70795 | Vaults:3 | Reached skill level 19 in Summonings
 74382 | Vaults:3 | Got a shimmering hunting sling
 75573 | Vaults:4 | Reached skill level 20 in Summonings
 75831 | Vaults:3 | Gained mutation: Your flesh is cold resistant. [potion of beneficial mutation]
 77874 | Vaults:4 | Noticed Sojobo
 78127 | Vaults:4 | Found Yvew's Food Shop.
 78987 | Vaults:4 | Reached XP level 19. HP: 137/149 MP: 11/41
 79265 | Vaults:4 | Reached skill level 21 in Summonings
 80597 | Depths:1 | Entered Level 1 of the Depths
 80801 | Depths:1 | Found a gateway to Hell.
 82344 | Depths:1 | Found Angic's Elemental Accessories.
 82390 | Depths:1 | Found a one-way gate to the infinite horrors of the Abyss.
 82421 | Depths:1 | Reached skill level 5 in Air Magic
 83735 | Depths:2 | Found Funiluipic's Armour Emporium.
 83864 | Depths:2 | Reached skill level 5 in Charms
 84868 | Depths:2 | Got a distressingly furry leather armour
 84896 | Depths:2 | Identified the +3 leather armour of the Realm of Zot {-Tele Str+4 Int+6} (You took it off a tengu conjurer on level 2 of the Depths)
 84920 | Depths:2 | Got a crude jade ring
 84922 | Depths:2 | Identified the ring "Osinleg" {rElec AC+1 Str+2 SInv} (You took it off a tengu conjurer on level 2 of the Depths)
 87370 | Depths:2 | Learned a level 6 spell: Deflect Missiles
 87528 | Depths:2 | Noticed a golden dragon
 87839 | Depths:2 | Killed a golden dragon
 89879 | Depths:2 | Noticed a caustic shrike
 89885 | Depths:2 | Killed a caustic shrike
 89890 | Depths:2 | Reached XP level 20. HP: 120/157 MP: 5/43
 89897 | Depths:2 | Noticed an iron giant
 89903 | Depths:2 | Killed an iron giant
 91110 | Depths:3 | Noticed a golden dragon
 91121 | Depths:3 | Killed a golden dragon
 93648 | Depths:4 | Found a glowing silver altar of Zin.
 93667 | Depths:4 | Reached skill level 22 in Summonings
 94058 | Depths:4 | Noticed a caustic shrike
 94565 | Depths:4 | Killed a caustic shrike
 94574 | Depths:4 | Got an ancient quarterstaff {freeze}
 94574 | Depths:4 | Got a flickering silver ring
 94576 | Depths:4 | Identified the ring "Jeggus" {*Tele rN+ MR++ Slay+5} (You took it off a spriggan defender on level 4 of the Depths)
 95267 | Depths:5 | Entered Level 5 of the Depths
 95693 | Depths:5 | Found a gateway to a ziggurat.
 95859 | Depths:5 | Found a gate to the Realm of Zot.
 96065 | Depths:5 | Found a stormy altar of Qazlal.
 96066 | Depths:5 | Found a sparkling altar of Nemelex Xobeh.
 96067 | Depths:5 | Found a shimmering altar of Xom.
 96924 | Depths:5 | Reached XP level 21. HP: 163/166 MP: 30/45
 96934 | Depths:5 | Noticed a golden dragon
 97532 | Depths:5 | Reached skill level 10 in Dodging
 97929 | Depths:5 | Reached skill level 10 in Fighting
 98127 | Depths:5 | Killed a golden dragon
 98376 | Depths:5 | Noticed an ancient lich
 98385 | Depths:5 | Killed an ancient lich
 98585 | Depths:5 | Got a fine morningstar {venom}
 98632 | Depths:5 | Identified the Compendium of Venomous Protection (You found it on level 5 of the Depths)
 98737 | Depths:5 | Identified the +8 morningstar of the Vaults {venom, rElec Str+2} (You took it off a spriggan defender on level 5 of the Depths)
 99760 | Shoals:4 | Bought a book of Necromancy for 570 gold pieces
 99764 | Shoals:4 | Learned a level 3 spell: Regeneration
 99766 | Shoals:4 | Bought a book of Summonings for 1330 gold pieces
 99770 | Shoals:4 | Learned a level 3 spell: Recall
 99825 | Shoals:4 | Bought a potion of magic for 152 gold pieces
 99825 | Shoals:4 | Bought a potion of haste for 190 gold pieces
 99825 | Shoals:4 | Bought a potion of curing for 57 gold pieces
100436 | Vaults:4 | Killed Sojobo
100588 | Vaults:5 | Entered Level 5 of the Vaults
100595 | Vaults:5 | Noticed an ancient lich
101095 | Elf:1    | Entered Level 1 of the Elven Halls
101095 | Elf:1    | Found Gurory's Book Boutique.
101121 | Elf:1    | Reached skill level 1 in Necromancy
101143 | Elf:1    | Identified Leyxkegu's Collected Works on Calling
101559 | Elf:1    | Reached skill level 15 in Spellcasting
102848 | Elf:2    | Noticed Agnes
102862 | Elf:2    | Killed Agnes
103038 | Elf:2    | Found a runed gate.
103038 | Elf:2    | Found a runed gate.
103039 | Elf:2    | Found a runed gate.
103354 | Elf:2    | Got a fine robe
103478 | Elf:2    | Identified the +1 robe "Kido" {rPois MR+ Int+6} (You found it on level 2 of the Elven Halls)
104146 | Elf:3    | Entered Level 3 of the Elven Halls
104449 | Elf:3    | Reached XP level 22. HP: 156/177 MP: 22/47
104616 | Elf:3    | Identified the Grimoire of the Glacial Volcanoes
104695 | Elf:3    | Identified the Compendium of Ashen Venom
104722 | Elf:3    | Got a bronze plate armour
104733 | Elf:3    | Got a warped glaive
104734 | Elf:3    | Identified the +7 glaive of Tenacity {flame, MR+ Str+4} (You found it on level 3 of the Elven Halls)
104780 | Elf:3    | Learned a level 5 spell: Cigotuvi's Embrace
104846 | Elf:3    | Got a bloodstained halberd
104853 | Elf:3    | Got a fine hand crossbow
104858 | Elf:3    | Got a crude mace
104863 | Elf:3    | Got a faintly humming leather armour
104874 | Elf:3    | Identified the +2 leather armour of the Bells {rPois} (You found it on level 3 of the Elven Halls)
105575 | D:8      | Learned a level 6 spell: Shadow Creatures
105581 | D:8      | Learned a level 5 spell: Summon Mana Viper
105704 | Slime:1  | Entered Level 1 of the Pits of Slime
105864 | Slime:2  | Gained mutation: You expend magic power (3 MP) to strengthen your wands. [a shining eye]
106037 | Slime:2  | Reached skill level 23 in Summonings
106645 | Slime:6  | Entered Level 6 of the Pits of Slime
107365 | Slime:6  | Gained mutation: Potions and wands are less effective at restoring your health. [a shining eye]
107406 | Slime:6  | Noticed the Royal Jelly
107423 | Slime:6  | Killed the Royal Jelly
108056 | Slime:6  | Got a spiked chain mail
108094 | Slime:6  | Got a warped arbalest
108116 | Slime:6  | Got a slimy rune of Zot
108804 | Zig:1    | Entered Level 1 of a ziggurat
108804 | Zig:1    | Noticed Keapaotydo the pandemonium lord
108816 | Zig:1    | Killed Keapaotydo the pandemonium lord
108891 | Zig:2    | Entered Level 2 of a ziggurat
108969 | Zig:3    | Entered Level 3 of a ziggurat
109051 | Zig:4    | Entered Level 4 of a ziggurat
109073 | Zig:4    | Got a distressingly furry chain mail
109076 | Zig:4    | Got a warped halberd
109132 | Zig:5    | Entered Level 5 of a ziggurat
109298 | Zig:5    | Gained mutation: You have a pair of small horns on your head. [potion of beneficial mutation]
109300 | Zig:5    | Got a warped ruby amulet
109301 | Zig:5    | Identified the amulet "Uteteocw" {Harm *Drain rC- Int+3} (You found it on level 5 of a ziggurat)
109311 | Zig:6    | Entered Level 6 of a ziggurat
109376 | Zig:6    | Got a pitted cloak
109387 | Zig:6    | Identified the cursed +0 cloak of the Quahog {MR++ Dex+3} (You found it on level 6 of a ziggurat)
109728 | D:15     | You paid a toll of 16 scrolls of teleportation to enter a treasure trove
109729 | Trove    | Entered a treasure trove
109734 | Trove    | Got a shimmering glaive
109738 | Trove    | Got a brightly glowing trident
109743 | Trove    | Got a dazzling whip
109750 | Trove    | Got an ichor-stained shortbow
109753 | Trove    | Got a polished scimitar
110337 | Zot:1    | Entered Level 1 of the Realm of Zot
110363 | Zot:1    | Reached skill level 15 in Polearms
110712 | Zot:1    | You fall through a shaft!
111079 | Zot:2    | Reached XP level 23. HP: 183/183 MP: 24/50
111266 | Zot:2    | Got a translucent garnet amulet
111271 | Zot:2    | Identified the amulet "Hirifust" {rF- rC+ MR+ Regen+} (You found it on level 2 of the Realm of Zot)
112120 | Zot:3    | Got a polished shortbow
113561 | Zot:4    | Reached skill level 24 in Summonings
113614 | Zot:4    | Noticed an orb of fire
114650 | Shoals:4 | Bought a potion of invisibility for 152 gold pieces
114650 | Shoals:4 | Bought a potion of curing for 57 gold pieces
114650 | Shoals:4 | Bought a potion of curing for 57 gold pieces
114650 | Shoals:4 | Bought a potion of curing for 57 gold pieces
114650 | Shoals:4 | Bought a potion of brilliance for 76 gold pieces
114650 | Shoals:4 | Bought a potion of might for 76 gold pieces
114650 | Shoals:4 | Bought a potion of curing for 57 gold pieces
114650 | Shoals:4 | Bought a potion of agility for 76 gold pieces
114700 | Shoals:4 | Bought a potion of curing for 45 gold pieces
114700 | Shoals:4 | Bought a potion of flight for 45 gold pieces
114700 | Shoals:4 | Bought a potion of curing for 45 gold pieces
114700 | Shoals:4 | Bought a potion of cure mutation for 375 gold pieces
115880 | Zot:4    | Got a warped short sword
116289 | Zot:4    | Gained mutation: Potions and wands are poor at restoring your health. [an orb of fire]
116298 | Zot:4    | Killed an orb of fire
116434 | Zot:5    | Entered Level 5 of the Realm of Zot
117297 | Zot:5    | Noticed an ancient lich
117306 | Zot:5    | Killed an ancient lich
117372 | Zot:5    | Noticed an orb of fire
117383 | Zot:5    | Killed an orb of fire
117400 | Zot:5    | Noticed an ancient lich
117406 | Zot:5    | Killed an ancient lich
117544 | Zot:5    | Noticed an orb of fire
119466 | Zot:3    | Reached XP level 24. HP: 123/191 MP: 31/51
119606 | Zot:5    | Noticed an ancient lich
119608 | Zot:5    | Noticed an orb of fire
119615 | Zot:5    | Lost mutation: You are agile. (Dex +2) [an orb of fire]
119618 | Zot:5    | Gained mutation: You are frail (-10% HP). [an orb of fire]
119626 | Zot:5    | Killed an orb of fire
119633 | Zot:5    | Killed an ancient lich
119638 | Zot:5    | Killed an orb of fire
119950 | Zot:5    | Noticed an orb of fire
119962 | Zot:5    | Killed an orb of fire
119977 | Zot:5    | Noticed an orb of fire
120003 | Zot:5    | Killed an orb of fire
120005 | Zot:5    | Noticed an ancient lich
120014 | Zot:5    | Killed an ancient lich
120020 | Zot:5    | Noticed an ancient lich
120023 | Zot:5    | Killed an ancient lich
120270 | Zot:5    | Noticed an orb of fire
120278 | Zot:5    | Gained mutation: You have supernaturally acute eyesight. [an orb of fire]
120283 | Zot:5    | Killed an orb of fire
120305 | Zot:5    | Noticed an orb of fire
120310 | Zot:5    | Noticed an orb of fire
120506 | Zot:5    | Gained mutation: You are agile. (Dex +2) [an orb of fire]
120517 | Zot:5    | Killed an orb of fire
120726 | Zot:5    | Got the Orb of Zot
120751 | Zot:5    | Noticed Fuzxoyss the pandemonium lord
120928 | Zot:2    | Noticed Loeny the pandemonium lord
121099 | Depths:5 | Noticed Puif Ytt the pandemonium lord
121126 | Depths:5 | Noticed Yxoteme the pandemonium lord
121150 | Depths:5 | Killed Yxoteme the pandemonium lord
121228 | Depths:5 | Noticed Tunairchuo the pandemonium lord
121444 | Depths:1 | Noticed Hexukir the pandemonium lord
121464 | D:15     | Slain by Hexukir the pandemonium lord

Skill      XL: |  1  2  3  4  5  6  7  8  9 10 11 12 13 14 15 16 17 18 19 20 21 22 23 24 |
---------------+-------------------------------------------------------------------------+-----
Fighting       | 1 2 3 5 6 8 9 10 | 10.6
Polearms       | 1 2 3 5 10 14 15 17 18 | 18.5
Spellcasting   | 2 3 5 6 9 10 12 13 14 15 17 18 19 | 19.0
Summonings     | 4 5 7 8 9 11 13 16 17 18 20 21 22 23 24 | 24.9
Armour         | 1 3 4 6 7 9 |  9.4
Air Magic      | 1 2 6 |  6.8
Dodging        | 2 3 6 8 9 10 | 10.9
Ice Magic      | 3 |  3.1
Translocations | 2 7 |  7.2
Shields        | 6 |  6.0
Charms         | 2 6 |  6.3
Necromancy     | 3 |  3.0
Stealth        | |  1.7

Action                   |  1- 3 |  4- 6 |  7- 9 | 10-12 | 13-15 | 16-18 | 19-21 | 22-24 || total
-------------------------+-------+-------+-------+-------+-------+-------+-------+-------++-------
Melee: Club              |    32 |       |       |       |       |       |       |       ||    32
       Unarmed           |     3 |       |       |       |       |       |       |       ||     3
       Spear             |    46 |   170 |   367 |       |       |       |       |       ||   583
       Short sword       |       |       |    40 |   373 |       |       |       |       ||   413
       Halberd           |       |       |       |    53 |       |       |       |       ||    53
       Battleaxe         |       |       |       |     5 |       |       |       |       ||     5
       Demon trident     |       |       |       |   383 |  1644 |  1902 |  1939 |  1593 ||  7461
       Headbutt          |       |       |       |       |       |       |       |   243 ||   243
 Cast: Summon Small Mamm |    44 |    14 |     2 |       |       |       |       |       ||    60
       Call Imp          |     6 |    17 |     6 |       |       |       |       |       ||    29
       Call Canine Famil |       |    20 |    21 |    43 |    47 |     7 |     2 |       ||   140
       Summon Lightning  |       |       |    21 |    20 |    11 |       |       |       ||    52
       Summon Ice Beast  |       |       |    47 |   212 |   206 |    20 |     2 |       ||   487
       Summon Guardian G |       |       |     3 |     7 |     5 |     2 |       |       ||    17
       Summon Forest     |       |       |       |     5 |    37 |    38 |     2 |     1 ||    83
       Summon Hydra      |       |       |       |       |    43 |   352 |   124 |    20 ||   539
       Warp Weapon       |       |       |       |       |       |     1 |       |       ||     1
       Blink             |       |       |       |       |       |     1 |     1 |    12 ||    14
       Deflect Missiles  |       |       |       |       |       |       |    12 |     7 ||    19
       Dragon's Call     |       |       |       |       |       |       |    46 |    48 ||    94
       Regeneration      |       |       |       |       |       |       |       |    11 ||    11
       Shadow Creatures  |       |       |       |       |       |       |       |     5 ||     5
Evoke: Wand              |       |     5 |       |     9 |     3 |     9 |     6 |    11 ||    43
       Rod               |       |       |       |       |     2 |       |       |       ||     2
  Use: Scroll            |     7 |     9 |     7 |    22 |    21 |    14 |    16 |    28 ||   124
       Potion            |     1 |     1 |       |     3 |    10 |     9 |     5 |    26 ||    55
 Stab: Distracted        |     1 |     6 |    10 |     6 |    30 |    37 |    44 |    36 ||   170
       Sleeping          |       |     2 |     3 |    17 |     2 |     4 |     4 |     1 ||    33
  Eat: Chunk             |     5 |    13 |    38 |    60 |    91 |   199 |   119 |    25 ||   550
       Royal jelly       |     1 |       |       |       |       |       |       |       ||     1
       Beef jerky        |       |     2 |       |       |       |     3 |       |     1 ||     6
       Bread ration      |       |     1 |       |       |       |       |       |     4 ||     5
       Meat ration       |       |       |       |       |       |     1 |     1 |     8 ||    10
Armor: Robe              |    31 |    21 |       |       |       |       |       |       ||    52
       Leather armour    |       |    16 |    80 |   143 |    40 |       |       |       ||   279
       Ring mail         |       |       |    13 |       |    50 |       |       |       ||    63
       Mottled dragon ar |       |       |       |       |   224 |   448 |   386 |   401 ||  1459
       Mottled dragon hi |       |       |       |       |     1 |       |       |       ||     1
Dodge: Dodged            |    68 |    81 |   228 |   678 |   736 |   898 |   646 |   794 ||  4129
       Deflected         |       |       |       |       |       |       |    95 |    67 ||   162
Block: Buckler           |       |       |       |       |   164 |   386 |   304 |   371 ||  1225
